 Dungeon Crawl Stone Soup version 0.29.1-1-gd02db6906a (webtiles) character file.

Game seed: 4799953056354961806

29 xian the Magician (level 3, 0/16 HPs)
             Began as a Vine Stalker Hedge Wizard on Oct 22, 2022.
             Slain by a gnoll
             ... wielding a +0 club
              (3 damage)
             ... on level 2 of the Dungeon.
             The game lasted 00:02:35 (1030 turns).

xian the Magician (Vine Stalker Hedge Wizard)       Turns: 1030, Time: 00:02:37

Health: 0/16       AC:  4    Str: 12    XL:     3   Next: 16%
Magic:  0/9        EV: 12    Int: 16    God:
Gold:   65         SH:  0    Dex: 13    Spells: 7/10 levels left

rFire   . . .      SeeInvis .   a - +0 dagger
rCold   . . .      Faith    .   (no shield)
rNeg    . . .      Spirit   +   b - +0 robe
rPois   .          Reflect  .   c - +0 hat
rElec   .          Harm     +   (no cloak)
rCorr   .          Rampage  .   (no gloves)
Will    .....                   f - +1 pair of boots of Guh Anuq {Harm Regen+}
Stlth   ++........              (no amulet)
HPRegen 0.85/turn               (no ring)
MPRegen 0.11/turn               (no ring)

@: no status effects
A: fangs 2, magic shield, antimagic bite, no potion heal 2
a: no special abilities


You were on level 2 of the Dungeon.
You visited 1 branch of the dungeon, and saw 2 of its levels.

You collected 65 gold pieces.

Inventory:

Hand Weapons
 a - a +0 dagger (weapon)
Armour
 b - a +0 robe (worn)
 c - a +0 hat (worn)
 f - the +1 pair of boots of Guh Anuq (worn) {Harm Regen+}
   (You acquired it on level 1 of the Dungeon)

   Regen:     It increases your rate of health regeneration.
   Harm:      It increases damage dealt and taken.
Scrolls
 g - a scroll of identify
Potions
 d - a potion of magic


   Skills:
 + Level 2.1 Dodging
 + Level 2.5 Stealth
 + Level 4.0 Spellcasting
 + Level 1.0 Conjurations
 + Level 1.1 Summonings
 + Level 1.0 Translocations


You had 7 spell levels left.
You knew the following spells:

 Your Spells              Type           Power      Damage    Failure   Level
a - Magic Dart            Conj           24%        1d4       11%         1
b - Call Imp              Summ           6%         N/A       16%         2

Your spell library contained the following spells:

 Spells                   Type           Power      Damage    Failure   Level
 Slow                     Hex            12%        N/A       17%         1
 Blink                    Tloc           12%        N/A       17%         2
 Conjure Flame            Conj/Fire      4%         6-21      38%         3
 Mephitic Cloud           Conj/Pois/Air  4%         N/A       41%         3


Dungeon Overview and Level Annotations

Branches:
Dungeon (2/15)

Altars:

Shops:
D:1 *


Innate Abilities, Weirdness & Mutations

You have extremely sharp teeth.
When hurt, damage is shared between your health and your magic reserves.
Your bite disrupts and absorbs the magic of your enemies.
Potions cannot restore your health.


Message History

The magic dart hits the endoplasm.
You kill the endoplasm!
You can't see any susceptible monsters within range! (Use Z to cast anyway.)
g - a scroll of identify You see here a rat corpse.
A giant cockroach comes into view.
The magic dart hits the giant cockroach but does no damage.
The magic dart hits the giant cockroach.
The giant cockroach is moderately wounded.
The magic dart hits the giant cockroach.
The giant cockroach is severely wounded.
The magic dart hits the giant cockroach.
You kill the giant cockroach!
Your Spellcasting skill increases to level 4!
You can't see any susceptible monsters within range! (Use Z to cast anyway.)
You can't see any susceptible monsters within range! (Use Z to cast anyway.)
g - 2 scrolls of identify (gained 1) Done exploring.
Done exploring.
As you read the scroll of identify, it crumbles to dust.
e - a scroll of noise You drop a scroll of noise.
Done exploring.
There is a stone staircase leading down here.
You climb downwards.
Found 5 stones, a scroll of identify and 4 gold pieces.
There is a stone staircase leading up here.
The magic dart hits the gnoll.
The gnoll is lightly wounded.
The gnoll shouts! x3
The gnoll hits you with a +0 club. The gnoll barely misses you.
The rat bites you but does no damage.
Unknown command.
The rat bites you but does no damage. The gnoll barely misses you.
The gnoll hits you from afar with a +2 spear of flaming!
* * * LOW HITPOINT WARNING * * *
The gnoll burns you.
* * * LOW HITPOINT WARNING * * *
The gnoll hits you with a +0 club.
You die...

#.....#
$.?..
..... ...
...
#######.#
......rg#
.......@#
.......##
.....gg
.(.....
.......
.......
.......
###....


You could see 3 gnolls and a rat.

Vanquished Creatures
  2 dart slugs (D:1)
  A ball python (D:1)
  An endoplasm (D:1)
  3 giant cockroaches (D:1)
  4 goblins (D:1)
  A hobgoblin (D:1)
  A quokka (D:1)
  A bat (D:1)
  4 frilled lizards (D:1)
  2 kobolds (D:1)
  4 rats (D:1)
24 creatures vanquished.

Notes
Turn   | Place    | Note
-------+----------+-------------------------------------------
     0 | D:1      | xian the Vine Stalker Hedge Wizard began the quest for the
                  | Orb.
     0 | D:1      | Reached XP level 1. HP: 9/9 MP: 5/5
   236 | D:1      | Identified a scroll of acquirement
   237 | D:1      | Acquired the +1 pair of boots of Guh Anuq {Harm Regen+}
   274 | D:1      | Reached XP level 2. HP: 13/13 MP: 3/7
   451 | D:1      | Found Isihoakh's Assorted Antiques.
   560 | D:1      | Reached XP level 3. HP: 16/16 MP: 5/9
   664 | D:1      | Learned a level 2 spell: Call Imp
   967 | D:1      | Reached skill level 4 in Spellcasting
  1030 | D:2      | Slain by a gnoll

Illustrated notes

Levels and vault maps discovered:
D:1:      lemuel_arrival_cross, layout_basic, serial_shops,
          nicolae_shop_competitors_out_of_business
D:2:      layout_basic, hellmonk_ecumenical_altar_lost_god,
          minmay_tiny_reverse_x

Skill      XL: |  1  2  3 |
---------------+----------+-----
Dodging        | 2 |  2.1
Spellcasting   | 4 |  4.0
Stealth        | |  2.5
Conjurations   | |  1.0
Summonings     | |  1.1
Translocations | |  1.0

Action                   || total
-------------------------++-------
Melee: Dagger            ||    19
       Bite              ||     2
 Cast: Magic Dart        ||    40
  Use: Scroll            ||     3
Armor: Robe              ||     4
Dodge: Dodged            ||    18
